 Dungeon Crawl Stone Soup version 0.29-a0-613-gf2c431b9b9 (webtiles) character file.

Game seed: 12627151405688438518

6 moldycheese5 the Skirmisher (level 1, -2/16 (18) HPs)
             Began as a Demonspawn Berserker on June 16, 2022.
             Was a Follower of Trog.
             Slain by a gnoll
             ... wielding a +0 club
              (8 damage)
             ... on level 1 of the Dungeon.
             The game lasted 00:00:21 (359 turns).

moldycheese5 the Skirmisher (Demonspawn Berserker)   Turns: 359, Time: 00:00:22

HP:   -2/16 (18)    AC:  2    Str: 17    XL:     1   Next: 75%
MP:   1/1           EV: 12    Int:  8    God:    Trog [*.....]
Gold: 28            SH:  0    Dex: 12    Spells: 0/0 levels left

rFire   + . .      SeeInvis .     - Unarmed
rCold   . . .      Faith    .   (no shield)
rNeg    . . .      Spirit   .   a - +0 animal skin
rPois   .          Reflect  .   (no helmet)
rElec   .          Harm     .   (no cloak)
rCorr   .          Rampage  .   (no gloves)
Will    .....                   (no boots)
Stlth   +.........              (no amulet)
HPRegen 0.05/turn               b - ring of protection from fire
MPRegen 0.07/turn               (no ring)

@: heavily drained
A: no striking features
a: Renounce Religion, Berserk


You were on level 1 of the Dungeon.
You worshipped Trog.
Trog was aware of your devotion.
You visited 1 branch of the dungeon, and saw 1 of its levels.

You collected 28 gold pieces.

Inventory:

Armour
 a - a +0 animal skin (worn)
Jewellery
 b - a ring of protection from fire (left hand)
Scrolls
 c - a scroll of fog {unknown}


   Skills:
 + Level 3.0 Fighting
 + Level 1.8 Armour
 + Level 2.0 Dodging
 + Level 2.8 Unarmed Combat


You couldn't memorise any spells.
You didn't know any spells.
Your spell library was empty.

Dungeon Overview and Level Annotations

Branches:
Dungeon (1/15)

Altars:


Message History

A goblin is nearby!
A goblin is nearby!
A goblin is nearby!
You see here 4 gold pieces.
The goblin hits you with a +1 dagger of draining.
You feel drained.
You closely miss the goblin.
The goblin hits you with a +1 dagger of draining.
You feel drained.
You hit the goblin.
You kill the goblin!
Trog accepts your kill.
No target in view!
No target in view!
You now have 28 gold pieces (gained 4).
You see here a +1 dagger of draining.
A gnoll comes into view. It is wielding a +0 club.
A gnoll is nearby!
A gnoll is nearby!
The gnoll shouts!
A quokka comes into view.
Found a stone staircase leading down.
You barely miss the gnoll. The gnoll hits you with a +0 club.
You hit the gnoll.
The gnoll is heavily wounded.
The gnoll misses you.
You closely miss the gnoll.
The gnoll is heavily wounded.
The gnoll hits you with a +0 club.
You are too injured to fight recklessly!
You are too injured to fight recklessly!
You are too injured to fight recklessly!
You are too injured to fight recklessly!
You are too injured to fight recklessly!
You are too injured to fight recklessly!
You hit the gnoll.
The gnoll is heavily wounded.
The gnoll hits you with a +0 club!
Ouch! That really hurt!
You die...

### #######
##############.###......
>....rg@................
......######.#.##.......
..... #......##.......
.... #......###......
... #......###...... .#
+.....).........
#......###......
######## #...... #......


You could see a gnoll and a quokka.

Vanquished Creatures
  A hobgoblin (D:1)
  2 ball pythons (D:1)
  A goblin (D:1)
  A kobold (D:1)
  2 rats (D:1)
7 creatures vanquished.

Notes
Turn   | Place    | Note
-------+----------+-------------------------------------------
     0 | D:1      | moldycheese5 the Demonspawn Berserker began the quest for
                  | the Orb.
     0 | D:1      | Reached XP level 1. HP: 18/18 MP: 1/1
   359 | D:1      | Slain by a gnoll

Illustrated notes

Levels and vault maps discovered:
D:1:      dpeg_arrival_arbitrary_a, layout_basic, ebering_ecumenical_altar_mist

Skill      XL: |  1 |
---------------+----+-----
Dodging        | 2 |  2.0
Fighting       | |  3.0
Armour         | |  1.8
Unarmed Combat | |  2.8

Action                   || total
-------------------------++-------
Melee: Unarmed           ||    25
Armor: Animal skin       ||     4
Dodge: Dodged            ||    18

Table legend: (Time is in decaauts)
 A = Elapsed time spent in this place.
 B = Non-inter-level travel time spent in this place.
 C = Inter-level travel time spent in this place.
 D = Time resting spent in this place.
 E = Time spent auto-exploring this place.
 F = Levels seen in this place.
 G = Mean time per level.
                   A        B        C        D        E       F      G
               +--------+--------+--------+--------+--------+-----+--------+
         Total |    357 |    354 |      3 |      0 |    301 |   1 |  357.0 |
       Dungeon |    357 |    354 |      3 |      0 |    301 |   1 |  357.0 |
               +--------+--------+--------+--------+--------+-----+--------+

Top non-repeatable levels by time:
     D:1: 357 daAuts
